AoeStats
← MagniX

Nomad

503761652Analyzed
1v1 RM · 1mo ago on Sep 2, 2026· 40m 28s· 2 players
Game mode
Random Map
Map size
126×126
Population
200
Speed
Normal
Resources
Standard
Victory
Conquest
Starting age
Dark Age
Ending age
Imperial Age
RankedLock teamsTeams togetherTeam positionsShared explorationLock speedFull tech treeHidden civsTurbo modeCheats
Victory
Defeat
🇲🇽 Slavs · Mexico
781
+18
🇮🇹 Malians · Italy
815
-18
t_ruiz_
5:28 Loom
5:50 Loom
14:06 Feudal Age
16:26 Man-at-Arms
18:49 Fishing Lines
24:45 Castle Age
22:30 Horse Collar
22:38 Double-Bit Axe
23:01 Stone Mining
24:02 Scale Mail Armor
23:54 Fletching
24:57 Forging
25:04 Town Watch
26:54 Bow Saw
30:50 Gold Mining
31:40 Wheelbarrow
31:27 Bodkin Arrow
33:14 Ballistics
33:37 Heavy Plow
33:57 Chain Mail Armor
37:03 Masonry
36:50 Murder Holes
MagniX
14:18 Loom
16:24 Feudal Age
19:06 Double-Bit Axe
19:03 Horse Collar
20:12 Fishing Lines
25:41 Castle Age
26:15 Wheelbarrow
25:25 Town Watch
27:13 Crossbowman
27:59 Thumb Ring
27:56 Padded Archer Armor
27:46 Fletching
28:47 Forging
29:21 Bow Saw
29:12 Heavy Plow
29:09 Bodkin Arrow
31:13 Gillnets
34:30 Tigui
40:10 Imperial Age
41:58 Chemistry
Connection lost

Rejoining the realm…

Still unreachable

The connection could not be restored.

Session expired

The server has moved on; the page needs a fresh start.